 Dungeon Crawl Stone Soup version 0.31.0-11-ge490571c62 (webtiles) character file.

Game seed: 17421692142780592729

637 Gadfly the Insei (level 7, -1/52 HPs)
             Began as a Demonspawn Monk on Feb 2, 2024.
             Slain by Duvessa
             ... wielding a +0 short sword
              (11 damage)
             ... on level 5 of the Dungeon.
             The game lasted 00:05:34 (4161 turns).

Gadfly the Insei (Demonspawn Monk)                  Turns: 4161, Time: 00:05:34

Health: -1/52      AC:  4    Str: 13    XL:     7   Next: 25%
Magic:  7/7        EV: 13    Int: 11    God:
Gold:   247        SH:  0    Dex: 15    Spells: 4/6 levels left

rFire   . . .        b - +3 dagger (elec)
rCold   . . .        (no shield)
rNeg    . . .        a - +0 robe
rPois   +            (no helmet)
rElec   .            m - +0 cloak
rCorr   .            (no gloves)
SInv    +            (no boots)
Will    .....        (no amulet)
Stlth   +            u - ring of poison resistance
HPRegen 0.28/turn    (no ring)
MPRegen 0.10/turn

%: no passive effects
@: confused, ambrosia-drunk
A: powered by death 1, powered by pain 2, sharp scales 1, demonic touch 1, see
invisible
a: no special abilities


You were on level 5 of the Dungeon.
You visited 1 branch of the dungeon, and saw 5 of its levels.

You collected 247 gold pieces.

Inventory:

Hand Weapons
 b - a +3 dagger of electrocution (weapon)
Armour
 a - a +0 robe (worn)
 c - an orb of light
 m - a +0 cloak (worn)
Jewellery
 t - a ring of ice
 u - a ring of poison resistance (left hand)
Talismans
 g - a serpent talisman
Wands
 i - a wand of paralysis (8) (quivered)
 k - a wand of polymorph (8)
Scrolls
 d - 2 scrolls of fear
 j - a scroll of identify
 o - a scroll of enchant weapon
Potions
 e - a potion of attraction
 f - 2 potions of mutation
 n - a potion of cancellation {unknown}
 p - a potion of curing {unknown}
 s - a potion of magic {unknown}


   Skills:
 - Level 3.0 Fighting
 + Level 3.8 Dodging
 * Level 4.7 Unarmed Combat
 * Level 3.9 Evocations
 * Level 3.2 Shapeshifting


You had 4 spell levels left.
You knew the following spells:

 Your Spells              Type           Power      Damage    Failure   Level
a - Blink                 Tloc           0%         N/A       47%         2

Your spell library contained the following spells:

 Spells                   Type           Power      Damage    Failure   Level
 Lesser Beckoning         Tloc           0%         N/A       47%         2
 Momentum Strike          Conj/Tloc      0%         3d8       47%         2


Dungeon Overview and Level Annotations

Branches:
Dungeon (5/15)
 Temple: D:4-7

Altars:

Annotations:
D:5 2 transporters, Duvessa; boberto's ghost, novice MfCj


Innate Abilities, Weirdness & Mutations

You regenerate a little health from kills.
You sometimes gain power by taking damage.
You are partially covered in razor-sharp scales. (AC +1, Slay +1)
Your touch may inflict minor irresistible damage on your foes.
You have supernaturally acute eyesight. (SInv)


Message History

Dowan is almost dead.
Dowan hits you with a +0 dagger. Duvessa hits you but does no damage.
You hit Dowan. Lightning courses through Dowan!!
You kill Dowan!
Duvessa screams, "No!
How DARE you!"
Duvessa goes berserk!
Duvessa hits you with a +0 short sword.
You hit Duvessa but do no damage. You punch Duvessa, but do no damage.
Duvessa closely misses you. Duvessa hits you with a +0 short sword!
You hit Duvessa. Your touch misses Duvessa.
Duvessa is lightly wounded.
Duvessa hits you with a +0 short sword!
You are too injured to fight recklessly!
You are too injured to fight recklessly!
You are too injured to fight recklessly!
You are too injured to fight recklessly!
You are too injured to fight recklessly!
You are too injured to fight recklessly!
You are too injured to fight recklessly!
Unknown command.
Duvessa misses you. Duvessa hits you with a +0 short sword.
Duvessa attacks as she pursues you! Duvessa closely misses you.
The phantom attacks as it pursues you! The phantom misses you.
Duvessa attacks as she pursues you! Duvessa hits you with a +0 short sword.
Duvessa hits you with a +0 short sword!
* * * LOW HITPOINT WARNING * * *
It was a potion of heal wounds.
You feel much better. Duvessa closely misses you.
You hit Duvessa. Your touch misses Duvessa.
You punch Duvessa, but do no damage.
Duvessa is lightly wounded.
Duvessa closely misses you. Duvessa hits you with a +0 short sword.
You hit Duvessa but do no damage.
Duvessa is lightly wounded.
Duvessa hits you with a +0 short sword!
* * * LOW HITPOINT WARNING * * *
You are confused.
You feel invigorated. Duvessa hits you with a +0 short sword.
* * * LOW HITPOINT WARNING * * *
Duvessa hits you with a +0 short sword!
You die...

#..##...#.# ..##
#.#..##.... ...##...#.#
#.## #..........
...###....# #.#
##.##.#..... ..## .....#
+#.#+ ##..####..... ...#
#.....###...###....#
##..#. ...... ......
..8........####.###
............#
...###......#...#
....... #.# ##.........#
....... #@# ##........##
....... ##e##
#.........# ##.W.##
#..##.....#
.####.....####...#.....#
..................)..###
.......)....##.........#
......#......#..........
.....##...........#.....
..... #..........##.....


You could see Duvessa (berserk) and a phantom.

Vanquished Creatures
  Sigmund (D:3)
  Dowan (D:5)
  4 bombardier beetles
  A hound (D:5)
  Crazy Yiuf (D:3)
  A sleepcap (D:4)
  An iguana (D:5)
  Ijyb (D:3)
  Jessica (D:2)
  A gnoll (D:1)
  2 adders
  2 ufetubi (D:5)
  2 dart slugs (D:2)
  A ribbon worm (D:5)
  7 orcs
  8 ball pythons
  4 bats (D:1)
  9 endoplasms
  3 giant cockroaches
  6 goblins
  6 hobgoblins
  3 jackals (D:2)
  6 quokkas
  2 frilled lizards (D:3)
  7 kobolds
  6 rats
87 creatures vanquished.

Vanquished Creatures (collateral kills)
  A rat (D:2)
1 creature vanquished.

Grand Total: 88 creatures vanquished

Notes
Turn   | Place    | Note
-------+----------+-------------------------------------------
     0 | D:1      | Gadfly the Demonspawn Monk began the quest for the Orb.
     0 | D:1      | Reached XP level 1. HP: 18/18 MP: 1/1
   151 | D:1      | Gained mutation: You regenerate a little health from kills.
                  | [demonic ancestry]
   151 | D:1      | Reached XP level 2. HP: 24/24 MP: 2/2
   198 | D:1      | Reached skill level 1 in Evocations
   214 | D:1      | Reached skill level 3 in Unarmed Combat
   448 | D:1      | Reached skill level 1 in Shapeshifting
   448 | D:1      | Gained mutation: You sometimes gain a little power by
                  | taking damage. [demonic ancestry]
   448 | D:1      | Reached XP level 3. HP: 29/29 MP: 3/3
   604 | D:1      | Gained mutation: You have supernaturally acute eyesight.
                  | (SInv) [potion of mutation]
   775 | D:2      | Noticed Jessica
   789 | D:2      | Killed Jessica
   790 | D:2      | Reached XP level 4. HP: 23/35 MP: 4/4
  1678 | D:3      | Noticed Sigmund
  1694 | D:3      | Killed Sigmund
  1694 | D:3      | HP: 1/35 [frozen (5)]
  1695 | D:3      | Reached skill level 4 in Unarmed Combat
  1695 | D:3      | Gained mutation: You sometimes gain power by taking damage.
                  | [demonic ancestry]
  1695 | D:3      | Reached XP level 5. HP: 1/41 MP: 5/5
  1695 | D:3      | Gained mutation: Your touch may inflict minor irresistible
                  | damage on your foes. [demonic ancestry]
  1695 | D:3      | Reached XP level 6. HP: 1/47 MP: 6/6
  1763 | D:3      | Learned a level 2 spell: Blink
  1834 | D:3      | Noticed Ijyb
  1867 | D:3      | HP: 1/47 [Ijyb/+0 dagger (6)]
  1874 | D:3      | Killed Ijyb
  2518 | D:3      | Found a runed translucent door.
  2519 | D:3      | Noticed Crazy Yiuf
  2524 | D:3      | Killed Crazy Yiuf
  3642 | D:5      | Entered Level 5 of the Dungeon
  3873 | D:5      | Gained mutation: You are partially covered in razor-sharp
                  | scales. (AC +1, Slay +1) [demonic ancestry]
  3873 | D:5      | Reached XP level 7. HP: 36/52 MP: 7/7
  4047 | D:5      | Found a transporter.
  4047 | D:5      | Found a transporter.
  4049 | D:5      | Noticed boberto's ghost (novice MfCj)
  4051 | D:5      | Noticed a hornet
  4142 | D:5      | Noticed Dowan
  4144 | D:5      | Noticed Duvessa
  4151 | D:5      | Killed Dowan
  4161 | D:5      | Slain by Duvessa

Illustrated notes

Levels and vault maps discovered:
D:1:      minmay_arrival_glassed_features, layout_basic,
          nicolae_figureground_pulse
D:2:      layout_basic, uniq_jessica
D:3:      layout_basic, uniq_sigmund, uniq_crazy_yiuf_cottage, uniq_ijyb
D:4:      layout_loops_corners, serial_glass, glass_columns_a, glass_columns_a,
          feat_on_display, due_unseen_surprise, minmay_strange_pillars,
          item_on_display_b
D:5:      cheibrodos_barr_body, layout_cave_pools, gammafunk_ghost_hive,
          uniq_duvessa

Skill      XL: |  1  2  3  4  5  6 |
---------------+-------------------+-----
Evocations     | 1 2 3 |  3.9
Unarmed Combat | 3 4 |  4.7
Shapeshifting  | 1 2 3 |  3.2
Dodging        | 3 |  3.8
Fighting       | |  3.0

Action                     |  1- 3 |  4- 6 |  7- 9 || total
---------------------------+-------+-------+-------++-------
  Melee: Unarmed           |   108 |   120 |       ||   228
         Dagger            |       |    45 |    21 ||    66
         Touch             |       |    14 |     3 ||    17
         Punch             |       |     2 |     3 ||     5
    Use: Scroll            |     2 |     5 |       ||     7
         Potion            |     1 |     2 |     2 ||     5
   Stab: Sleeping          |       |     4 |       ||     4
 Armour: Robe              |    47 |    52 |    17 ||   116
         Skin              |       |    11 |       ||    11
  Dodge: Dodged            |    69 |    91 |    17 ||   177
